 Dungeon Crawl Stone Soup version 0.14-a0-1266-g856eec9 (webtiles) character file.

9442 Mitsuki the Hoplite (level 11, -4/97 HPs)
             Began as a Deep Dwarf Fighter on Dec 2, 2013.
             Was an Elder of Okawaru.
             Succumbed to a soldier ant's poison
             ... on Level 2 of the Lair of Beasts on Dec 3, 2013.
             The game lasted 02:44:56 (14745 turns).

Mitsuki the Hoplite (Deep Dwarf Fighter)           Turns: 14745, Time: 02:44:57

HP  -4/97        AC 16     Str 24      XL: 11   Next: 15%
MP   0/0         EV  6     Int  8      God: Okawaru [****..]
Gold 570         SH 28     Dex 11 (12) Spells:  0 memorised, 10 levels left

rFire  + + .     SeeInvis .     a - +1 orc hand axe (chop)
rCold  x . .     Clarity  .     n - +1 plate armour
rNeg   . . .     Conserve .     c - +0 dwarf shield
rPois  .         rCorr    .     N - +0 cap
rElec  .         rRot     .     (no cloak)
SustAb . .       Spirit   .     x - +0 pair of elf gloves
rMut   .         Warding  .     (no boots)
Saprov . . .     Stasis   .     v - amulet of rage
                                i - ring of protection from fire
                                D - ring of fire

@: non-regenerating, extremely poisoned, quite resistant to hostile
enchantments, extremely unstealthy
A: damage resistance, recharge devices, sense surroundings 2, slow healing 3
a: Device Recharging, Heroism, Renounce Religion, Evoke Berserk Rage


You were on level 2 of the Lair of Beasts.
You worshipped Okawaru.
Okawaru was greatly pleased with you.
You were full.

You visited 2 branches of the dungeon, and saw 10 of its levels.
You also visited: Sewer.

You collected 570 gold pieces.

Inventory:

Hand weapons
 a - a +1,+1 orcish hand axe of chopping (weapon)
 y - a +3,+2 flail of holy wrath
 Q - the +3,+8 dagger "Otues" {stab, +Rage Int+3}
   (You found it on level 7 of the Dungeon)

   It inflicts extra damage upon your enemies.
   It affects your intelligence (+3).
   It lets you go berserk.
Armour
 c - a +0 dwarven shield (worn)
 n - a +1 plate armour (worn)
 s - a +0 chain mail of cold resistance
 t - a +3 elven leather armour of fire resistance
 x - a +0 pair of elven gloves (worn)
 E - the +2 leather armour of Pluamoma {rPois MR++}
   (You found it on level 5 of the Dungeon)

   It protects you from poison.
   It affects your resistance to hostile enchantments.
 N - a +0 cap (worn)
 O - a +0 cloak
Magical devices
 b - a wand of enslavement (3)
 d - a wand of heal wounds (3)
 k - a wand of fireball (3)
 q - a wand of cold (1)
 A - a wand of confusion (0)
 J - a wand of confusion (9)
Scrolls
 g - 2 scrolls of identify
 h - 5 scrolls of remove curse
 l - 2 scrolls of teleportation
 m - 4 scrolls of immolation
 p - a scroll of enchant armour
 C - 2 scrolls of fog
 G - a scroll of enchant weapon I
 K - a scroll of curse weapon
Jewellery
 e - an uncursed ring of ice
 i - a ring of protection from fire (right hand)
 o - an uncursed ring of hunger
 v - an amulet of rage (around neck)
 D - a ring of fire (left hand)
 I - an uncursed amulet of resist mutation
 L - an uncursed ring of fire
Potions
 r - 3 potions of flight
Books
 B - a book of Minor Magic

   Spells                             Type                      Level
   Magic Dart                         Conjuration                  1
   Blink                              Translocation                2
   Call Imp                           Summoning                    2
   Repel Missiles                     Charms/Air                   2
   Slow                               Hexes                        2
   Conjure Flame                      Conjuration/Fire             3
   Mephitic Cloud                     Conjuration/Poison/Air       3
Magical staves
 j - an uncursed staff of wizardry


   Skills:
 + Level 6.2 Fighting
 + Level 9.3 Axes
 + Level 9.3 Armour
 + Level 11.9 Shields
 + Level 6.9 Evocations


You had 10 spell levels left.
You didn't know any spells.

Dungeon Overview and Level Annotations

Branches:
Dungeon (8/16)             Temple (0/1) D:5            Lair (2/8) D:8

Altars:
Elyvilon
Okawaru
Trog
Xom
the Shining One

Shops:
D:6 }**?(


Innate Abilities, Weirdness & Mutations

You are resistant to damage.
You can recharge devices by infusing magical energy.
You passively map the area around you.
You do not heal naturally.


Message History

You feel extremely sick.
Evoke which item? (* to show all) (? for menu, Esc to quit)
Zapping:
d - a wand of heal wounds (4)
Press: ? - help, Shift-Dir - straight line, f - you You feel much better.
This wand has 3 charges left.
* * * LOW HITPOINT WARNING * * *
You feel extremely sick.
The worker ant bites you but does no damage.
Drink which item? (? for menu, Esc to quit)
Okay, then.
You hit the worker ant but do no damage.
* * * LOW HITPOINT WARNING * * *
You feel extremely sick.
The worker ant bites you but does no damage.
You hit the worker ant but do no damage.
* * * LOW HITPOINT WARNING * * *
You feel extremely sick. You block the worker ant's attack.
You hit the worker ant but do no damage.
You die...

.........##...##... ,
............##.... ,,, ,
............##...,##, * ,
, , .............#.. .###
# , ............#..##
...#.# ,
............##..##.....#*
,,
..........#....##a.....#
,,
........f###...##aa....#*
,
.####.#####..#..@#aa..##,
.## ### ##...#.####.a##*
, ..#### *#.......# *##.a
, .#...# #.#......# ,
*#.. *
.....####.......... ,
......###.##....#.#.#, ,
** ........## ##....... ,
, , .........# ##.#.### ,
, ........## ##### * **


You could see 2 soldier ants and a worker ant.

Vanquished Creatures
  Erolcha (D:8)
  Pikel (D:4)
  A spiny frog (Lair:1)
  A queen ant (Lair:2)
  A feature mimic (D:8)
  A fire drake (D:7)
  3 komodo dragons
  Eustachio (D:4)
  A hungry ghost (D:7)
  A hippogriff (Lair:1)
  12 soldier ants (Lair:2)
  Edmund (D:5)
  Menkaure (D:7)
  2 necrophages
  2 slaves (D:4)
  A sky beast (D:8)
  A yellow wasp (D:7)
  2 phantoms
  An ogre (D:7)
  3 centaurs
  Duvessa (D:4)
  A giant slug (Lair:2)
  3 giant frogs
  Blork the orc (D:6)
  An agate snail (Lair:1)
  2 eyes of draining (D:4)
  4 wights (D:7)
  3 killer bees (D:7)
  Dowan (D:4)
  9 crimson imps
  2 goliath beetles (D:6)
  A siren (Sewer)
  A jelly (D:7)
  2 orc priests
  A scorpion (D:8)
  9 hounds
  5 orc wizards
  5 iguanas
  A gnoll shaman (D:8)
  2 quasits
  18 worker ants
  A mermaid (Sewer)
  A hound zombie (D:7)
  Terence (D:3)
  A mummy (D:7)
  5 gnolls
  14 adders
  30 green rats
  An inept feature mimic (D:5)
  5 worms
  6 giant mites
  2 adder zombies (D:6)
  8 grey rats
  3 giant eyeballs
  4 giant geckos
  2 oozes
  27 orcs
  13 ball pythons
  A bat skeleton (D:6)
  6 giant cockroaches
  10 goblins
  10 hobgoblins
  12 jackals
  14 kobolds
  7 quokkas
  18 bats
  A giant gecko skeleton (D:8)
  12 giant newts
  A goblin zombie (D:5)
  A hobgoblin skeleton (D:8)
  A kobold zombie (D:7)
  37 rats
  A plant (Lair:1)
367 creatures vanquished.

Vanquished Creatures (others)
  A worker ant (D:6)
  A hobgoblin (D:6)
  A giant spore (D:6)
  2 kobolds
  A fungus (Lair:2)
6 creatures vanquished.

Grand Total: 373 creatures vanquished

Notes
Turn   | Place    | Note
--------------------------------------------------------------
     0 | D:1      | Mitsuki, the Deep Dwarf Fighter, began the quest for the Orb.
     0 | D:1      | Reached XP level 1. HP: 20/20 MP: 1/1
     6 | D:1      | Noticed a demonspawn
     6 | D:1      | Noticed a merfolk
     8 | D:1      | Noticed a felid
     8 | D:1      | Noticed an octopode
    10 | D:1      | Noticed a naga
    10 | D:1      | Noticed an ogre
    12 | D:1      | Noticed a draconian
    12 | D:1      | Noticed a minotaur
    14 | D:1      | Noticed a ghoul
    14 | D:1      | Noticed a centaur
    16 | D:1      | Noticed a human
    18 | D:1      | Noticed an elf
    18 | D:1      | Noticed a spriggan
    20 | D:1      | Noticed a troll
    20 | D:1      | Noticed a vampire
    22 | D:1      | Noticed a dwarf
    22 | D:1      | Noticed a tengu
    26 | D:1      | Noticed a demigod
   242 | D:1      | Reached XP level 2. HP: 25/27 MP: 2/2
   821 | D:2      | Reached XP level 3. HP: 27/34 MP: 3/3
   846 | D:2      | Reached skill level 4 in Shields
  2173 | D:2      | Reached XP level 4. HP: 42/42 MP: 3/3
  2350 | D:3      | Noticed Terence
  2376 | D:3      | Killed Terence
  2819 | D:3      | Reached skill level 5 in Shields
  2819 | D:3      | Reached XP level 5. HP: 36/49 MP: 4/4
  2834 | D:3      | Found a glowing drain.
  2842 | Sewer    | Entered a sewer
  3089 | Sewer    | Reached XP level 6. HP: 48/56 MP: 5/5
  3468 | D:4      | Noticed Pikel
  3502 | D:4      | Killed Pikel
  3502 | D:4      | Reached skill level 5 in Armour
  3502 | D:4      | Reached skill level 6 in Shields
  3502 | D:4      | Reached skill level 1 in Evocations
  3502 | D:4      | Reached XP level 7. HP: 48/63 MP: 4/6
  3647 | D:4      | Found a bloodstained altar of Trog.
  3790 | D:4      | Noticed Dowan
  3798 | D:4      | Noticed Eustachio
  3799 | D:4      | Noticed Duvessa
  3839 | D:4      | Killed Duvessa
  3839 | D:4      | Reached skill level 5 in Axes
  3839 | D:4      | Reached skill level 7 in Shields
  3853 | D:4      | Killed Dowan
  3863 | D:4      | Killed Eustachio
  3863 | D:4      | Reached XP level 8. HP: 43/72 MP: 2/7
  3924 | D:4      | Found an iron altar of Okawaru.
  3930 | D:4      | Became a worshipper of Warmaster Okawaru
  4434 | D:5      | Entered Level 5 of the Dungeon
  4639 | D:5      | Noticed Edmund
  4688 | D:5      | Killed Edmund
  4711 | D:5      | Got a heavily runed leather armour
  4725 | D:5      | Identified the +2 leather armour of Pluamoma {rPois MR++} (You found it on level 5 of the Dungeon)
  4853 | D:5      | Reached skill level 8 in Shields
  5131 | D:5      | Found a staircase to the Ecumenical Temple.
  5500 | D:6      | Found Etsol's General Store.
  5531 | D:6      | Found Cleel's Gadget Shoppe.
  5531 | D:6      | Found Zurakiq's General Store.
  5576 | D:6      | Found a shimmering altar of Xom.
  5683 | D:6      | Acquired Okawaru's first power
  5683 | D:6      | Gained mutation: You passively map the area around you. [level up]
  5683 | D:6      | Reached XP level 9. HP: 62/80 MP: 1/5
  5922 | D:6      | Found a glowing golden altar of the Shining One.
  5923 | D:6      | Found a white marble altar of Elyvilon.
  5952 | D:6      | Found Mauvun's Magic Scroll Emporium.
  6038 | D:6      | Found Ocwiuv Psih's Weapon Shop.
  6136 | D:6      | Paralysed by a giant eyeball for 4 turns
  6143 | D:6      | Paralysed by a giant eyeball for 4 turns
  6340 | D:7      | Noticed Blork the orc
  6382 | D:6      | Reached skill level 9 in Shields
  6435 | D:6      | Killed Blork the orc
  6624 | D:7      | Reached skill level 5 in Fighting
  7007 | D:7      | Got a shimmering dagger
  7010 | D:7      | Identified the +3,+8 dagger "Otues" {stab, +Rage Int+3} (You found it on level 7 of the Dungeon)
  7010 | D:7      | Identified the +3,+8 dagger "Otues" {stab, +Rage Int+3} (You found it on level 7 of the Dungeon)
  7062 | D:7      | Paralysed by a giant eyeball for 4 turns
  7080 | D:7      | Paralysed by a giant eyeball for 4 turns
  8463 | D:7      | Noticed Menkaure
  8496 | D:7      | Killed Menkaure
  8801 | D:8      | Noticed a fire drake
  8821 | D:7      | Killed a fire drake
  8821 | D:7      | Reached skill level 5 in Evocations
  8902 | D:7      | Reached skill level 10 in Shields
  8923 | D:8      | Found a staircase to the Lair.
  8937 | D:8      | Paralysed by a giant eyeball for 4 turns
  9105 | D:8      | Reached XP level 10. HP: 71/88 MP: 0/2
  9815 | D:8      | Noticed Erolcha
 11361 | D:8      | Killed Erolcha
 11443 | Lair:1   | Entered Level 1 of the Lair of Beasts
 11513 | Lair:1   | Reached skill level 11 in Shields
 13012 | Lair:1   | Upgraded the game from 0.14-a0-1254-g249fea6 to 0.14-a0-1266-g856eec9
 13338 | Lair:1   | Daniel: hi
 13344 | Lair:1   | Daniel: show me your items please
 13867 | Lair:1   | Mitsuki: just droped that antimagic axe
 13867 | Lair:1   | Daniel: show the jewelerys
 13867 | Lair:1   | Daniel: strange
 13867 | Lair:1   | Yermak: I had this bug once: I was wielding antimagic weapon and changed its brand to another via brand scroll
 13867 | Lair:1   | Daniel: have you used recharing ability?
 13867 | Lair:1   | Mitsuki: i was using it. but now im stuck
 13867 | Lair:1   | Mitsuki: it does not allow
 13867 | Lair:1   | Daniel: yeah
 13867 | Lair:1   | Daniel: because you dont have anymore mp
 13867 | Lair:1   | Daniel: DDs suck with Okawaru
 13867 | Lair:1   | Mitsuki: im new to this game
 13867 | Lair:1   | Daniel: yeah, deep dwarves cannot heal naturally
 13867 | Lair:1   | Daniel: when you are resting
 13867 | Lair:1   | Daniel: only with god help
 13867 | Lair:1   | Daniel: or wands
 13867 | Lair:1   | Daniel: or potions
 13867 | Lair:1   | Mitsuki: and now im out of recharging ability :)
 13867 | Lair:1   | Daniel: until you level up yes
 13867 | Lair:1   | Daniel: if you are still learning the game
 13867 | Lair:1   | Daniel: you are better with an easier combo than DDs
 13867 | Lair:1   | Daniel: especially in trunk
 13867 | Lair:1   | Mitsuki: even with lvl up mana is not coming in
 14212 | Lair:2   | Reached XP level 11. HP: 40/97 MP: 0/2
 14496 | Lair:2   | Yermak: You have too low armor in this plate
 14532 | Lair:2   | Yermak: this is wrong
 14658 | Lair:2   | HP: 4/97 [soldier ant (5)]
 14744 | Lair:2   | HP: 2/97 [poisoned by a soldier ant]
 14745 | Lair:2   | Succumbed to a soldier ant's poison

Action                   |  1- 3 |  4- 6 |  7- 9 | 10-12 || total
-------------------------+-------+-------+-------+-------++-------
Melee: Hand axe          |   147 |   214 |   977 |   796 ||  2134
 Abil: Device Recharging |     1 |     1 |    14 |     5 ||    21
       Evoke Berserk Rag |       |       |       |     2 ||     2
Evoke: Wand              |     2 |     4 |    64 |    46 ||   116
  Use: Scroll            |    11 |     4 |    12 |     3 ||    30
       Potion            |     1 |     5 |     9 |     9 ||    24
